[ PARTIDA AOE2 · #493971963 ]
UnrankedIndostaníes vs Persians
[ ANÁLISIS DE REPETICIÓN · EXTRAÍDO DE LA PARTIDA GRABADA ]
Feudal
—
Castillos
—
Imperial
—
| APM promedio | 37.6 |
| APM pico | 55 |
| eAPM promedio | 14.0 |
| Aldeanos / militares | 12 / 0 |
Foco
⚔️ 17.8% · 🌾 82.2%
Feudal
—
Castillos
—
Imperial
—
| APM promedio | 23.0 |
| APM pico | 36 |
| eAPM promedio | 15.3 |
| Aldeanos / militares | 24 / 0 |
Foco
⚔️ 30.8% · 🌾 69.2%
Feudal
—
Castillos
—
Imperial
—
| APM promedio | 53.4 |
| APM pico | 72 |
| eAPM promedio | 25.1 |
| Aldeanos / militares | 24 / 0 |
Foco
⚔️ 31.9% · 🌾 68.1%
Feudal
—
Castillos
—
Imperial
—
| APM promedio | 38.4 |
| APM pico | 55 |
| eAPM promedio | 19.6 |
| Aldeanos / militares | 17 / 0 |
Foco
⚔️ 21.7% · 🌾 78.3%
Feudal
—
Castillos
—
Imperial
—
| APM promedio | 81.4 |
| APM pico | 118 |
| eAPM promedio | 21.7 |
| Aldeanos / militares | 24 / 0 |
Foco
⚔️ 24.5% · 🌾 75.5%
Feudal
—
Castillos
—
Imperial
—
| APM promedio | 35.6 |
| APM pico | 42 |
| eAPM promedio | 12.5 |
| Aldeanos / militares | 19 / 0 |
Foco
⚔️ 19.6% · 🌾 80.4%
Mapa de la partida
Recursos iniciales + cada clic de construcción. Líneas = muros · curvas = relieve. ◆ oro · ⬟ piedra · ● bayas · ✦ reliquia · ◌ hueco del cierre
Tu base
Base de TheBlackStuff
Base de LRNI_UzuI
Base de Dazzle
Base de LRNI_altoguiso
Base de GAX | Vini_Boy
Terreno inicial suavizado · ◌ = hueco del cierre detectado · pasá el cursor para detalles
Inputs por minuto
— LRNI_robotech - - TheBlackStuff
Build order — LRNI_robotech
18 acciones detectadas en el replay
| 0:00 | Crear | Villager (Male) |
| 0:01 | Crear | Villager (Male) |
| 0:14 | Investigar | Loom |
| 0:16 | Construir | House |
| 0:18 | Construir | House |
| 0:41 | Crear | Villager (Male) |
| 0:41 | Crear | Villager (Male) |
| 0:50 | Construir | Palisade Wall |
| 1:05 | Construir | Palisade Wall |
| 2:53 | Crear | Villager (Male) |
| 2:53 | Crear | Villager (Male) |
| 2:53 | Crear | Villager (Male) |
| 3:59 | Crear | Villager (Male) |
| 3:59 | Crear | Villager (Male) |
| 4:40 | Crear | Villager (Male) |
| 5:16 | Crear | Villager (Male) |
| 5:17 | Crear | Villager (Male) |
| 6:23 | Construir | Lumber Camp |
Build order — TheBlackStuff
32 acciones detectadas en el replay
| 0:03 | Crear | Villager (Male) |
| 0:03 | Crear | Villager (Male) |
| 0:05 | Construir | House |
| 0:07 | Construir | House |
| 0:15 | Crear | Villager (Male) |
| 0:16 | Crear | Villager (Male) |
| 0:44 | Crear | Villager (Male) |
| 0:45 | Crear | Villager (Male) |
| 1:24 | Crear | Villager (Male) |
| 2:07 | Construir | Lumber Camp |
| 2:14 | Crear | Villager (Male) |
| 2:14 | Crear | Villager (Male) |
| 2:35 | Construir | House |
| 2:37 | Construir | House |
| 3:16 | Crear | Villager (Male) |
| 3:16 | Crear | Villager (Male) |
| 3:35 | Crear | Villager (Male) |
| 3:36 | Crear | Villager (Male) |
| 3:36 | Crear | Villager (Male) |
| 4:20 | Crear | Villager (Male) |
| 4:20 | Crear | Villager (Male) |
| 4:40 | Crear | Villager (Male) |
| 4:40 | Crear | Villager (Male) |
| 4:55 | Construir | Palisade Wall |
| 4:56 | Construir | Palisade Wall |
| 4:58 | Crear | Villager (Male) |
| 5:16 | Construir | Mining Camp |
| 5:35 | Crear | Villager (Male) |
| 5:35 | Crear | Villager (Male) |
| 5:49 | Crear | Villager (Male) |
| 5:50 | Crear | Villager (Male) |
| 6:12 | Crear | Villager (Male) |
Build order — LRNI_UzuI
28 acciones detectadas en el replay
| 0:02 | Construir | House |
| 0:03 | Construir | House |
| 0:04 | Crear | Villager (Male) ×4 |
| 0:40 | Investigar | Loom |
| 0:52 | Construir | Palisade Wall |
| 0:58 | Crear | Villager (Male) |
| 0:58 | Crear | Villager (Male) |
| 0:59 | Crear | Villager (Male) |
| 1:40 | Crear | Villager (Male) |
| 1:48 | Construir | Lumber Camp |
| 2:17 | Crear | Villager (Male) |
| 2:58 | Crear | Villager (Male) |
| 2:59 | Crear | Villager (Male) |
| 3:24 | Crear | Villager (Male) |
| 3:24 | Crear | Villager (Male) |
| 3:24 | Crear | Villager (Male) |
| 3:51 | Crear | Villager (Male) |
| 3:51 | Crear | Villager (Male) |
| 3:51 | Crear | Villager (Male) |
| 4:01 | Construir | House |
| 4:18 | Crear | Villager (Male) |
| 4:18 | Crear | Villager (Male) |
| 4:41 | Crear | Villager (Male) |
| 5:00 | Crear | Villager (Male) |
| 5:16 | Crear | Villager (Male) |
| 5:48 | Crear | Villager (Male) |
| 5:53 | Construir | House |
| 6:00 | Crear | Villager (Male) |
Build order — Dazzle
28 acciones detectadas en el replay
| 0:00 | Crear | Villager (Male) |
| 0:01 | Crear | Villager (Male) |
| 0:02 | Construir | House |
| 0:03 | Construir | House |
| 0:07 | Crear | Villager (Male) |
| 0:07 | Crear | Villager (Male) |
| 0:09 | Investigar | Loom |
| 0:22 | Crear | Villager (Male) |
| 0:23 | Crear | Villager (Male) |
| 0:47 | Crear | Villager (Male) |
| 1:10 | Construir | Palisade Wall |
| 1:32 | Construir | Palisade Wall |
| 2:07 | Crear | Villager (Male) |
| 2:33 | Crear | Villager (Male) |
| 2:59 | Crear | Villager (Male) |
| 3:29 | Crear | Villager (Male) |
| 3:32 | Construir | Lumber Camp |
| 3:38 | Crear | Villager (Male) |
| 4:08 | Construir | Palisade Wall |
| 4:20 | Crear | Villager (Male) |
| 4:37 | Crear | Villager (Male) |
| 4:53 | Construir | House |
| 5:09 | Crear | Villager (Male) |
| 5:18 | Construir | Palisade Wall |
| 5:39 | Crear | Villager (Male) |
| 5:56 | Crear | Villager (Male) |
| 6:03 | Construir | House |
| 6:11 | Construir | House |
Build order — LRNI_altoguiso
32 acciones detectadas en el replay
| 0:01 | Crear | Villager (Male) |
| 0:01 | Crear | Villager (Male) |
| 0:02 | Crear | Villager (Male) |
| 0:03 | Construir | House |
| 0:04 | Construir | House |
| 0:11 | Crear | Villager (Male) |
| 0:11 | Crear | Villager (Male) |
| 1:23 | Crear | Villager (Male) |
| 1:23 | Crear | Villager (Male) |
| 2:32 | Crear | Villager (Male) |
| 2:32 | Crear | Villager (Male) |
| 2:35 | Construir | Lumber Camp |
| 3:26 | Crear | Villager (Male) |
| 3:27 | Crear | Villager (Male) |
| 3:54 | Crear | Villager (Male) |
| 3:54 | Crear | Villager (Male) |
| 4:32 | Crear | Villager (Male) |
| 4:32 | Crear | Villager (Male) |
| 4:46 | Construir | House |
| 4:47 | Construir | House |
| 5:00 | Crear | Villager (Male) |
| 5:00 | Crear | Villager (Male) |
| 5:20 | Crear | Villager (Male) |
| 5:38 | Construir | Mill |
| 5:38 | Crear | Villager (Male) |
| 5:39 | Crear | Villager (Male) |
| 5:44 | Crear | Villager (Male) |
| 6:01 | Investigar | Loom |
| 6:02 | Investigar | Loom |
| 6:05 | Crear | Villager (Male) |
| 6:05 | Crear | Villager (Male) |
| 6:25 | Crear | Villager (Male) |
Build order — GAX | Vini_Boy
22 acciones detectadas en el replay
| 0:02 | Investigar | Loom |
| 0:02 | Crear | Villager (Male) ×4 |
| 1:16 | Construir | Palisade Wall |
| 2:18 | Crear | Villager (Male) |
| 2:19 | Crear | Villager (Male) |
| 3:01 | Construir | Palisade Wall |
| 3:27 | Crear | Villager (Male) |
| 3:27 | Crear | Villager (Male) |
| 3:40 | Crear | Villager (Male) |
| 3:40 | Crear | Villager (Male) |
| 4:07 | Construir | Palisade Wall |
| 4:09 | Construir | Palisade Wall |
| 4:14 | Crear | Villager (Male) |
| 4:14 | Crear | Villager (Male) |
| 4:31 | Construir | Palisade Wall |
| 4:38 | Crear | Villager (Male) |
| 4:38 | Crear | Villager (Male) |
| 5:08 | Crear | Villager (Male) |
| 5:08 | Crear | Villager (Male) |
| 5:18 | Crear | Villager (Male) |
| 5:18 | Crear | Villager (Male) |
| 5:44 | Crear | Villager (Male) |
Cronología de la partida
| 0:50 | LRNI_robotech · wall_segment Palisade Wall x11 |
| 0:52 | LRNI_UzuI · wall_segment Palisade Wall x11 |
| 1:05 | LRNI_robotech · wall_segment Palisade Wall x13 |
| 1:10 | Dazzle · wall_segment Palisade Wall x11 |
| 1:16 | GAX | Vini_Boy · wall_segment Palisade Wall x1 |
| 1:32 | Dazzle · wall_segment Palisade Wall x12 |
| 3:01 | GAX | Vini_Boy · wall_segment Palisade Wall x2 |
| 4:07 | GAX | Vini_Boy · wall_segment Palisade Wall x1 |
| 4:08 | Dazzle · wall_segment Palisade Wall x13 |
| 4:09 | GAX | Vini_Boy · wall_segment Palisade Wall x1 |
| 4:31 | GAX | Vini_Boy · wall_segment Palisade Wall x1 |
| 4:55 | TheBlackStuff · wall_segment Palisade Wall x1 |
| 4:56 | TheBlackStuff · wall_segment Palisade Wall x19 |
| 5:18 | Dazzle · wall_segment Palisade Wall x7 |
| 6:13 | GAX | Vini_Boy · resign |
[ ANÁLISIS IA · 1 CRÉDITO ]
¿Qué pasó realmente en esta partida?
Wolo.gg analiza cada decisión: build order, eco, micro, errores típicos por bracket. Análisis personalizado por WhatsApp o Discord en 30 segundos.
Guía civ
Indostaníes
Perfil
LRNI_robotech